 Dungeon Crawl Stone Soup version 0.24.0-2-g5b39cebb1c (webtiles) character file.

Game seed: 8752638108000190580, levelgen mode: deterministic

27 Inarius the Sneak (level 2, -3/23 HPs)
             Began as a Mummy Wanderer on Oct 29, 2019.
             Slain by an orc wizard
             ... wielding a +0 dagger
              (4 damage)
             ... on level 4 of the Dungeon.
             The game lasted 00:01:39 (1306 turns).

Inarius the Sneak (Mummy Wanderer)                  Turns: 1306, Time: 00:01:40

Health: -3/23      AC:  6    Str: 13    XL:     2   Next: 93%
Magic:  2/2        EV:  9    Int:  9    God:
Gold:   54         SH:  0    Dex: 15    Spells: 1/1 levels left

rFire    x . .     SeeInvis .   a - +2 mace
rCold    + . .     Gourm    .   (no shield)
rNeg     + + +     Faith    .   h - +0 scale mail
rPois    ∞         Spirit   .   (no helmet)
rElec    .         Reflect  .   (no cloak)
rCorr    .         Harm     .   (no gloves)
MR       .....                  (no boots)
Stlth    +.........             (no amulet)
HPRegen  0.07/turn              (no ring)
MPRegen  0.08/turn              (no ring)

@: no status effects
A: no food or potions, fire vulnerability, cold resistance 1, negative energy
resistance 3, torment resistance, unbreathing
a: no special abilities


You were on level 4 of the Dungeon.
You were not hungry.

You visited 1 branch of the dungeon, and saw 3 of its levels.

You collected 54 gold pieces.

Inventory:

Hand Weapons
 a - a +2 mace (weapon)
 d - a +0 dagger
Armour
 h - a +0 scale mail (worn)
Scrolls
 b - 2 scrolls of teleportation
 e - a scroll of remove curse {unknown}
 f - a scroll of identify {unknown}
 g - 2 scrolls of immolation {unknown}
 i - a scroll of noise {unknown}


   Skills:
 * Level 2.5 Fighting
 - Level 2.4 Maces & Flails
 + Level 1.2 Armour
 + Level 1.2 Dodging
 - Level 3.2 Stealth


You had one spell level left.
You didn't know any spells.
Your spell library was empty.

Dungeon Overview and Level Annotations

Branches:
Dungeon (2/15)

Altars:


Innate Abilities, Weirdness & Mutations

You do not eat or drink.
Your flesh is vulnerable to fire.
You are immune to poison.
Your flesh is cold resistant. (rC+)
You are immune to negative energy. (rN+++)
You are immune to unholy pain and torment.
You can survive without breathing.


Message History

Unknown command.
Unknown command.
Okay, then.
The orc wizard points at you and mumbles some strange words.
The puff of flame hits you! The fire burns you terribly!
The orc wizard casts a spell.
The orc wizard seems to speed up.
You closely miss the orc wizard.
The orc wizard hits you but does no damage.
Something hits you but does no damage.
The orc wizard looks encouraged for a moment.
You miss the orc wizard.
The orc wizard hits you with a +0 dagger.
Something hits you but does no damage.
The orc wizard points at you and mumbles some strange words.
The puff of flame hits you! The fire burns you terribly!
Ouch! That really hurt!
* * * LOW HITPOINT WARNING * * *
Something hits you.
You die...

##### ###...#
#.'[..# ###..##
#####..#####
#..'.......#
##.#.......#
#.######..#
###@######..#
#.oo...#....#
#.......#..†.#
#.###.######†.#
# #.# #..# .(.
#..# .... #..#
.... #..# ....
.....


You could see an orc wizard and an orc.

Vanquished Creatures
  A ball python (D:1)
  A giant cockroach (D:1)
  2 goblins (D:1)
  A hobgoblin (D:1)
  4 jackals (D:4)
  4 kobolds (D:1)
  4 bats
  A frilled lizard (D:1)
  7 rats (D:1)
25 creatures vanquished.

Notes
Turn   | Place    | Note
-------+----------+-------------------------------------------
     0 | D:1      | Inarius the Mummy Wanderer began the quest for the Orb.
     0 | D:1      | Inarius set off with the following items: a +2 mace, 2
                  | scrolls of teleportation, a +0 robe, a +0 dagger
     0 | D:1      | Reached XP level 1. HP: 15/15 MP: 1/1
   601 | D:1      | Reached XP level 2. HP: 19/22 MP: 2/2
  1074 | D:2      | You fall into a shaft and drop 2 floors!
  1306 | D:4      | HP: 1/23 [orc wizard/puff of flame (12)]
  1306 | D:4      | Slain by an orc wizard

Levels and vault maps discovered:
D:1:      noname_arrival_rooms_in_the_neighbourhood, layout_rooms
D:2:      layout_basic, grunt_gozag_statues, serial_bayou, serial_bayou_lake_a,
          serial_bayou_crossing, serial_bayou_pond_a, serial_bayou_shore_a,
          first_ration, uniq_robin, uniq_sigmund
D:4:      old_forge, layout_gridville, minmay_temple_entry_overgrown,
          chequers_serial_rivers_small_a, hangedman_decor_growths

Skill      XL: |  1 |
---------------+----+-----
Fighting       | 2 |  2.5
Maces & Flails | |  2.4
Armour         | |  1.2
Dodging        | |  1.2
Stealth        | |  3.2

Action                   || total
-------------------------++-------
Melee: Mace              ||    80
Throw: Javelin           ||     2
 Stab: Sleeping          ||     1
Armor: Robe              ||    11
       Scale mail        ||    45
Dodge: Dodged            ||    75
